cohdb
Replays
Latest Replays
All Replays
Popular Replays
Top Player Replays
Match Explorer
How It Works
Community
CoH3 Stats
Reddit
Sign in to upload your games and track your stats! →
Sign in with Steam
Match 43078062
Unlisted
Match 43078062
Overview
Messages
Build Orders
End
Construct Barracks
Riflemen Squad
Selects Advanced Infantry Battlegroup
Riflemen Squad
M1 Mortar Team
Grenade Package
Riflemen Squad
Riflemen Squad
Selects Convert to Ranger Squad
Infantry Support Center
Selects Frontline Medical Station
Construct Weapon Support Center
M3 Armored Personnel Carrier
Convert to Ranger Squad
Improved M9 Bazooka Rockets
Frontline Medical Station
Captain Retinue
Selects Ranger Weapon Training
Selects Ammunition Storage
Convert to Ranger Squad
1Div MED
DJ-DeepN
qinfuyin
Luzinit24
_BoRaD_
FD5797
vincent
communist cat
0
0
Comments
sign in to comment!
No comments posted yet!